TOP OF THE 1ST |
Seattle Aviators batting - Pitching for Montana Pandas : LHP Tim Harris
|
Pitching: LHP Tim Harris
|
|
Batting: LHB Kenny Webster
|
0-0: Ball 1-0: Foul Ball, location: 2F 1-1: Foul Ball, location: 2F 1-2: Ball 2-2: Ground out 1-3 (Groundball, 25)
|
Batting: RHB Brian Williams
|
0-0: Swinging Strike 0-1: Ball 1-1: Foul Ball, location: 2F 1-2: Ball 2-2: Strikes out swinging
|
Batting: RHB Sean Davis
|
0-0: Ball 1-0: Fly out, F9 (Flyball, 89M)
|
Top of the 1st over - 0 run(s), 0 hit(s), 0 error(s), 0 left on base; Seattle 0 - Montana 0 |
BOTTOM OF THE 1ST |
Montana Pandas batting - Pitching for Seattle Aviators : RHP Matt Harris
|
Pitching: RHP Matt Harris
|
|
Batting: RHB Alan Rosales
|
0-0: Ball 1-0: Ground out 4-3 (Groundball, 4M)
|
Batting: RHB Mike Brown
|
0-0: Swinging Strike 0-1: Foul Ball, location: 2F 0-2: Ball 1-2: Ball 2-2: Ball 3-2: SINGLE (Groundball, 15) (infield hit)
|
Batting: LHB Steve Riggs
|
0-0: Called Strike 0-1: DOUBLE (Line Drive, 8LXD) Mike Brown to third Runner from 3rd tries for Home, SAFE, no throw or cutoff
|
Batting: RHB Pancho Salaedo
|
0-0: Ground out 5-3 (Groundball, 5S) Steve Riggs to third
|
Batting: SHB José Martínez
|
0-0: Ball 1-0: Ball 2-0: Ball 3-0: Base on Balls
|
Batting: LHB Mike Pace
|
0-0: DOUBLE (Flyball, 78XD) Steve Riggs scores José Martínez to third
|
Batting: LHB Pancho Ruíz
|
0-0: Ball 1-0: Swinging Strike 1-1: Ball 2-1: Ball 3-1: Foul Ball, location: 2F 3-2: Foul Ball, location: 2F 3-2: Foul Ball, location: 2F 3-2: Foul Ball, location: 2F 3-2: Fly out, F7 (Flyball, 78D)
|
Bottom of the 1st over - 2 run(s), 3 hit(s), 0 error(s), 2 left on base; Seattle 0 - Montana 2 |
TOP OF THE 2ND |
Seattle Aviators batting - Pitching for Montana Pandas : LHP Tim Harris
|
Batting: LHB Jorge Mojica
|
0-0: Ball 1-0: Fly out, F8 (Flyball, 8LM)
|
Batting: RHB Tanyu Kimura
|
0-0: Ball 1-0: Swinging Strike 1-1: Called Strike 1-2: Ball 2-2: Strikes out swinging
|
Batting: RHB Vernon Caw
|
0-0: Ball 1-0: Ball 2-0: Called Strike 2-1: Foul Ball, location: 2F 2-2: Foul Ball, location: 2F 2-2: Foul Ball, location: 2F 2-2: Foul Ball, location: 2F 2-2: SINGLE (Groundball, 4D)
|
Batting: RHB Jay Parker
|
0-0: Ground out 1-3 (Groundball, 15)
|
Top of the 2nd over - 0 run(s), 1 hit(s), 0 error(s), 1 left on base; Seattle 0 - Montana 2 |
BOTTOM OF THE 2ND |
Montana Pandas batting - Pitching for Seattle Aviators : RHP Matt Harris
|
Batting: RHB Eduardo Sánchez
|
0-0: Called Strike 0-1: Ball 1-1: Swinging Strike 1-2: Strikes out swinging
|
Batting: RHB Dale Carney
|
0-0: Ground out 6-3 (Groundball, 56)
|
Batting: RHB Alan Rosales
|
0-0: Foul Ball, location: 2F 0-1: Ball 1-1: Foul Ball, location: 2F 1-2: SINGLE (Line Drive, 6M)
|
Batting: RHB Mike Brown
|
0-0: Ball 1-0: Ball 2-0: Swinging Strike 2-1: Ball 3-1: Ground out 6-3 (Groundball, 6)
|
Bottom of the 2nd over - 0 run(s), 1 hit(s), 0 error(s), 1 left on base; Seattle 0 - Montana 2 |
TOP OF THE 3RD |
Seattle Aviators batting - Pitching for Montana Pandas : LHP Tim Harris
|
Batting: RHB Randolph Davis
|
0-0: Called Strike 0-1: Ball 1-1: Called Strike 1-2: Ground out 5-3 (Groundball, 5)
|
Batting: RHB Kenzaburo Hori
|
0-0: Called Strike 0-1: Ball 1-1: Ball 2-1: Ball 3-1: Called Strike 3-2: Base on Balls
|
Batting: LHB Kenny Webster
|
0-0: Ball 1-0: Ball 2-0: Swinging Strike 2-1: Ball 3-1: Foul Ball, location: 2F 3-2: Grounds into double play, 3-6-3 (Groundball, 3)
|
Top of the 3rd over - 0 run(s), 0 hit(s), 0 error(s), 0 left on base; Seattle 0 - Montana 2 |
BOTTOM OF THE 3RD |
Montana Pandas batting - Pitching for Seattle Aviators : RHP Matt Harris
|
Batting: LHB Steve Riggs
|
0-0: Ball 1-0: Called Strike 1-1: Ground out 5-3 (Groundball, 56S)
|
Batting: RHB Pancho Salaedo
|
0-0: Ball 1-0: Ball 2-0: Ball 3-0: Called Strike 3-1: Foul Ball, location: 2F 3-2: Foul Ball, location: 2F 3-2: Foul Ball, location: 2F 3-2: Base on Balls
|
Batting: SHB José Martínez
|
0-0: Foul Ball, location: 2F 0-1: Fielders Choice at 2nd, 2-6 (Groundball, 2L)
|
Batting: LHB Mike Pace
|
0-0: Ball 1-0: Called Strike 1-1: Ground out U3 (Groundball, 3)
|
Bottom of the 3rd over - 0 run(s), 0 hit(s), 0 error(s), 1 left on base; Seattle 0 - Montana 2 |
TOP OF THE 4TH |
Seattle Aviators batting - Pitching for Montana Pandas : LHP Tim Harris
|
Batting: RHB Brian Williams
|
0-0: Foul Ball, location: 2F 0-1: Foul Ball, location: 2F 0-2: Foul Ball, location: 2F 0-2: Ground out 4-3 (Groundball, 34)
|
Batting: RHB Sean Davis
|
0-0: Fly out, F8 (Flyball, 8LS)
|
Batting: LHB Jorge Mojica
|
0-0: SINGLE (Flyball, 9S)
|
Batting: RHB Tanyu Kimura
|
0-0: Ball 1-0: Ball 2-0: Ball 3-0: Called Strike 3-1: Called Strike 3-2: Foul Ball, location: 2F 3-2: Base on Balls Jorge Mojica to second
|
Batting: RHB Vernon Caw
|
0-0: SINGLE (Line Drive, 4MD) Jorge Mojica to third Tanyu Kimura to second Runner from 3rd tries for Home, SAFE, no throw or cutoff
|
Batting: RHB Jay Parker
|
0-0: Called Strike 0-1: Swinging Strike 0-2: Ball 1-2: Ball 2-2: Strikes out swinging
|
Top of the 4th over - 1 run(s), 2 hit(s), 0 error(s), 2 left on base; Seattle 1 - Montana 2 |
BOTTOM OF THE 4TH |
Montana Pandas batting - Pitching for Seattle Aviators : RHP Matt Harris
|
Batting: LHB Pancho Ruíz
|
0-0: Ball 1-0: Hit by Pitch
|
Batting: RHB Eduardo Sánchez
|
0-0: Ball 1-0: Swinging Strike 1-1: Fly out, F8 (Line Drive, 8LM)
|
Batting: RHB Dale Carney
|
0-0: Ball 1-0: Ball 2-0: Swinging Strike 2-1: Foul Ball, location: 2F 2-2: Ball 3-2: 2-RUN HOME RUN (Flyball, 8LXD), Distance : 437 ft
|
Batting: RHB Alan Rosales
|
0-0: Ball 1-0: Called Strike 1-1: Foul Ball, location: 2F 1-2: Ball 2-2: Ball 3-2: Foul Ball, location: 2F 3-2: Fly out, F9 (Flyball, 9M)
|
Batting: RHB Mike Brown
|
0-0: Ball 1-0: Fly out, F7 (Flyball, 7LM)
|
Bottom of the 4th over - 2 run(s), 1 hit(s), 0 error(s), 0 left on base; Seattle 1 - Montana 4 |
TOP OF THE 5TH |
Seattle Aviators batting - Pitching for Montana Pandas : LHP Tim Harris
|
Batting: RHB Randolph Davis
|
0-0: Ball 1-0: Swinging Strike 1-1: Ball 2-1: Foul Ball, location: 2F 2-2: Ball 3-2: Foul Ball, location: 2F 3-2: Fly out, F8 (Flyball, 8RM)
|
Batting: RHB Kenzaburo Hori
|
0-0: Fly out, F9 (Flyball, 9M)
|
Batting: LHB Kenny Webster
|
0-0: Called Strike 0-1: Foul Ball, location: 2F 0-2: Ball 1-2: SINGLE (Groundball, 34S)
|
Batting: RHB Brian Williams
|
0-0: Ball 1-0: Ball 2-0: Foul Ball, location: 2F 2-1: Ball 3-1: Base on Balls Kenny Webster to second
|
Pitching: LHP Tomás Galván
|
|
Batting: RHB Sean Davis
|
0-0: Foul Ball, location: 2F 0-1: Ball 1-1: Fly out, F8 (Flyball, 8RM)
|
Top of the 5th over - 0 run(s), 1 hit(s), 0 error(s), 2 left on base; Seattle 1 - Montana 4 |
BOTTOM OF THE 5TH |
Montana Pandas batting - Pitching for Seattle Aviators : RHP Matt Harris
|
Batting: LHB Steve Riggs
|
0-0: Called Strike 0-1: Ball 1-1: Swinging Strike 1-2: Ball 2-2: Foul Ball, location: 2F 2-2: Strikes out swinging
|
Batting: RHB Pancho Salaedo
|
0-0: Ball 1-0: Ground out U3 (Groundball, 3S)
|
Batting: SHB José Martínez
|
0-0: Called Strike 0-1: Ball 1-1: Foul Ball, location: 2F 1-2: Ball 2-2: Foul Ball, location: 2F 2-2: Foul Ball, location: 2F 2-2: Ball 3-2: SINGLE (Groundball, 4MD)
|
Batting: LHB Mike Pace
|
0-0: Ball 1-0: Called Strike 1-1: Foul Ball, location: 2F 1-2: Foul Ball, location: 2F 1-2: Strikes out swinging
|
Bottom of the 5th over - 0 run(s), 1 hit(s), 0 error(s), 1 left on base; Seattle 1 - Montana 4 |
TOP OF THE 6TH |
Seattle Aviators batting - Pitching for Montana Pandas : LHP Tomás Galván
|
Batting: LHB Jorge Mojica
|
0-0: Ball 1-0: Called Strike 1-1: Ball 2-1: Ball 3-1: Called Strike 3-2: Foul Ball, location: 2F 3-2: Foul Ball, location: 2F 3-2: Strikes out swinging
|
Batting: RHB Tanyu Kimura
|
0-0: Ball 1-0: Called Strike 1-1: Ground out 6-3 (Groundball, 6M)
|
Batting: RHB Vernon Caw
|
0-0: Called Strike 0-1: Ball 1-1: Swinging Strike 1-2: Ball 2-2: Strikes out swinging
|
Top of the 6th over - 0 run(s), 0 hit(s), 0 error(s), 0 left on base; Seattle 1 - Montana 4 |
BOTTOM OF THE 6TH |
Montana Pandas batting - Pitching for Seattle Aviators : RHP Matt Harris
|
Batting: LHB Pancho Ruíz
|
0-0: Ground out 5-3 (Groundball, 56)
|
Batting: RHB Eduardo Sánchez
|
0-0: Ball 1-0: Ball 2-0: Ball 3-0: Called Strike 3-1: SINGLE (Groundball, 56D)
|
Batting: RHB Dale Carney
|
0-0: Ball 1-0: Ball 2-0: Swinging Strike 2-1: Fly out, F9 (Flyball, 9D)
|
Pitching: RHP Ken Frost
|
|
Batting: RHB Alan Rosales
|
0-0: Swinging Strike 0-1: Ball 1-1: Ball 2-1: Ball 3-1: Fly out, F7 (Flyball, 7LM)
|
Bottom of the 6th over - 0 run(s), 1 hit(s), 0 error(s), 1 left on base; Seattle 1 - Montana 4 |
TOP OF THE 7TH |
Seattle Aviators batting - Pitching for Montana Pandas : LHP Tomás Galván
|
Batting: RHB Jay Parker
|
0-0: Ball 1-0: Ball 2-0: Ball 3-0: Base on Balls
|
Batting: RHB Randolph Davis
|
0-0: Called Strike 0-1: Ball 1-1: Ball 2-1: Ball 3-1: Called Strike 3-2: SINGLE (Groundball, 6MD) Jay Parker to second Runner from 2nd tries for 3rd, SAFE, throw made to third
|
Batting: RHB Kenzaburo Hori
|
0-0: Ball 1-0: Ball 2-0: Called Strike 2-1: Foul Ball, location: 2F 2-2: Foul Ball, location: 2F 2-2: Foul Ball, location: 2F 2-2: Ball 3-2: Foul Ball, location: 2F 3-2: Base on Balls Randolph Davis to second
|
Pinch Hitting: RHB Clarence Fox
|
0-0: Ball 1-0: Foul Ball, location: 2F 1-1: Ball 2-1: Swinging Strike 2-2: Fly out, F8 (Flyball, 89XD) Runner from 3rd tags up, SCORES, no throw Randolph Davis to third
|
Pitching: RHP Donald Simmons
|
|
Batting: RHB Brian Williams
|
0-0: Called Strike Reached via error on a dropped throw, E6 Randolph Davis scores Kenzaburo Hori to second
|
Batting: RHB Sean Davis
|
0-0: Fly out, F6 (Popup, 5D)
|
Batting: LHB Jorge Mojica
|
0-0: Called Strike 0-1: Swinging Strike 0-2: Ground out 2-3 (Groundball, 2R)
|
Top of the 7th over - 2 run(s), 1 hit(s), 1 error(s), 2 left on base; Seattle 3 - Montana 4 |
BOTTOM OF THE 7TH |
Montana Pandas batting - Pitching for Seattle Aviators : RHP Ken Frost
|
Now in RF: Clarence Fox
|
|
Batting: RHB Mike Brown
|
0-0: Ball 1-0: Ball 2-0: Ball 3-0: Called Strike 3-1: Ground out 1-3 (Groundball, 13)
|
Batting: LHB Steve Riggs
|
0-0: Swinging Strike 0-1: Ball 1-1: Swinging Strike 1-2: Strikes out swinging
|
Batting: RHB Pancho Salaedo
|
0-0: Called Strike 0-1: Ball 1-1: Fly out, F2 (Popup, 2RF)
|
Bottom of the 7th over - 0 run(s), 0 hit(s), 0 error(s), 0 left on base; Seattle 3 - Montana 4 |
TOP OF THE 8TH |
Seattle Aviators batting - Pitching for Montana Pandas : RHP Donald Simmons
|
Batting: RHB Tanyu Kimura
|
0-0: Ball 1-0: Called Strike 1-1: Foul Ball, location: 2F 1-2: Foul Ball, location: 2F 1-2: SOLO HOME RUN (Flyball, 7D), Distance : 362 ft
|
Batting: RHB Vernon Caw
|
0-0: Called Strike 0-1: Ball 1-1: Called Strike 1-2: Ground out 5-3 (Groundball, 5)
|
Batting: RHB Jay Parker
|
0-0: Called Strike 0-1: Foul Ball, location: 2F 0-2: SOLO HOME RUN (Flyball, 7LD), Distance : 350 ft
|
Batting: RHB Randolph Davis
|
0-0: Ground out 5-3 (Groundball, 56)
|
Batting: RHB Kenzaburo Hori
|
0-0: Foul Ball, location: 2F 0-1: Swinging Strike 0-2: Strikes out looking
|
Top of the 8th over - 2 run(s), 2 hit(s), 0 error(s), 0 left on base; Seattle 5 - Montana 4 |
BOTTOM OF THE 8TH |
Montana Pandas batting - Pitching for Seattle Aviators : RHP Ken Frost
|
Now at 3B: Tynan Hawkins
|
|
Batting: SHB José Martínez
|
0-0: Called Strike 0-1: Ball 1-1: DOUBLE (Flyball, 78XD)
|
Batting: LHB Mike Pace
|
0-0: Called Strike 0-1: Foul Ball, location: 2F 0-2: Ball 1-2: Ball 2-2: Ground out 4-3 (Groundball, 4) José Martínez to third
|
Batting: LHB Pancho Ruíz
|
0-0: Fly out, F5 (Popup, 5F)
|
Pinch Hitting: LHB Tomás Guillén
|
0-0: Called Strike 0-1: Fly out, F8 (Flyball, 8RXD)
|
Bottom of the 8th over - 0 run(s), 1 hit(s), 0 error(s), 1 left on base; Seattle 5 - Montana 4 |
TOP OF THE 9TH |
Seattle Aviators batting - Pitching for Montana Pandas : RHP Donald Simmons
|
Now at SS: Tomás Guillén
|
|
Batting: RHB Clarence Fox
|
0-0: Ball 1-0: Ball 2-0: Ball 3-0: Base on Balls
|
Batting: RHB Brian Williams
|
0-0: Ball 1-0: Ball 2-0: Ball 3-0: Base on Balls Clarence Fox to second
|
Batting: RHB Sean Davis
|
0-0: Grounds into double play, 4-6-3 (Groundball, 4) Clarence Fox to third
|
Batting: LHB Jorge Mojica
|
0-0: Called Strike 0-1: Ball 1-1: Ball 2-1: Ground out 4-3 (Groundball, 4M)
|
Top of the 9th over - 0 run(s), 0 hit(s), 0 error(s), 1 left on base; Seattle 5 - Montana 4 |
BOTTOM OF THE 9TH |
Montana Pandas batting - Pitching for Seattle Aviators : RHP Ken Frost
|
Pitching: RHP Ken Hinkle
|
|
Batting: RHB Dale Carney
|
0-0: Ball 1-0: Foul Ball, location: 2F 1-1: Foul Ball, location: 2F 1-2: Ball 2-2: Strikes out looking
|
Batting: RHB Alan Rosales
|
0-0: Ball 1-0: Ground out 5-3 (Groundball, 5S)
|
Batting: RHB Mike Brown
|
0-0: Called Strike 0-1: Foul Ball, location: 2F 0-2: Foul Ball, location: 2F 0-2: Strikes out swinging
|
Bottom of the 9th over - 0 run(s), 0 hit(s), 0 error(s), 0 left on base; Seattle 5 - Montana 4 |
|